 Dungeon Crawl Stone Soup version 0.27-a0-1191-g601b473118 (webtiles) character file.

Game seed: 15047098714624649218

1 Wyvernaa the Covered (level 1, -2/14 HPs)
             Began as a Gargoyle Fighter on May 24, 2021.
             Frozen to death by an endoplasm (3 damage)
             ... on level 1 of the Dungeon.
             The game lasted 00:00:17 (25 turns).

Wyvernaa the Covered (Gargoyle Fighter)               Turns: 25, Time: 00:00:18

Health: -2/14      AC:  9    Str: 19    XL:     1   Next: 20%
Magic:  1/1        EV:  7    Int:  8    God:
Gold:   0          SH:  9    Dex:  9    Spells: 0/0 levels left

rFire    . . .     SeeInvis .   a - +0 flail
rCold    . . .     Faith    .   c - +0 kite shield
rNeg     + . .     Spirit   .   b - +0 scale mail
rPois    ∞         Reflect  .   (no helmet)
rElec    +         Harm     .   (no cloak)
rCorr    .         Rampage  .   (no gloves)
Will     +....                  (no boots)
Stlth    ..........             (no amulet)
HPRegen  0.04/turn              e - ring of willpower
MPRegen  0.07/turn              (no ring)

@: no status effects
A: sickness immunity, AC +2, negative energy resistance 1, electricity
resistance, torment resistance 1, petrification resistance
a: no special abilities


You were on level 1 of the Dungeon.
You visited 1 branch of the dungeon, and saw 1 of its levels.

Inventory:

Hand Weapons
 a - a +0 flail (weapon)
Armour
 b - a +0 scale mail (worn)
 c - a +0 kite shield (worn)
Jewellery
 e - a ring of willpower (left hand)
Potions
 d - a potion of might


   Skills:
 + Level 3.3 Fighting
 + Level 2.0 Maces & Flails
 + Level 3.3 Armour
 + Level 3.3 Shields


You couldn't memorise any spells.
You didn't know any spells.
Your spell library was empty.

Dungeon Overview and Level Annotations

Branches:
Dungeon (1/15)

Altars:


Innate Abilities, Weirdness & Mutations

You are immune to sickness and miasma.
Your stone body is resilient. (AC +2)
You are immune to poison.
You resist negative energy. (rN+)
You are resistant to electric shocks. (rElec)
You are resistant to unholy torment.
You are immune to petrification.


Message History

Found a staircase leading out of the dungeon.
e - a ring of willpower
e - a ring of willpower (left hand) Setting a skill training target for Shields at 15.0.
Setting a skill training target for Maces & Flails at 14.0.
Found a mace.
A kobold comes into view. It is wielding a +0 dagger.
The kobold shouts!
You hear an angry hiss.
An endoplasm comes into view.
There are monsters nearby!
There are monsters nearby!
An endoplasm comes into view.
Found a scroll labelled ASTRIXTILOUH.
Found a stone staircase leading down.
You block the kobold's attack.
You barely miss the kobold.
The endoplasm hits you but does no damage.
The endoplasm freezes you.
You are frozen.
The kobold hits you with a +0 dagger. You block the endoplasm's attack.
You block the kobold's attack.
The endoplasm hits you but does no damage.
Your shield and scale mail prevent you from hitting the kobold.
The endoplasm freezes you.
You are frozen.
The endoplasm freezes you.
You are frozen.
* * * LOW HITPOINT WARNING * * *
You block the kobold's attack.
You hit the kobold but do no damage. The kobold barely misses you.
The kobold hits you but does no damage.
You sock the kobold!
You kill the kobold!
You barely miss the endoplasm. You block the endoplasm's attack. x2
The endoplasm freezes you.
You are frozen.
* * * LOW HITPOINT WARNING * * *
You hit the endoplasm.
The endoplasm is heavily wounded.
The endoplasm freezes you.
You are frozen.
You die...

...# # ## ##... #
#.#.##...#.### .#
#............# .#
#.?.>...##.#.## .# ..
............... .# ...
..........#..# #.# .....
.....#.#J##..####.##.....
... #.#@##..#...........
. #.J.....#..........#
##...#....#.....#...
#...####.#.....#..#
#...####.#.....#...
#...#....#.....#...
#........#..<..#...
.........#.....#...
..........#.....#...


You could see 2 endoplasms.

Vanquished Creatures
  A kobold (D:1)
1 creature vanquished.

Notes
Turn   | Place    | Note
-------+----------+-------------------------------------------
     0 | D:1      | Wyvernaa the Gargoyle Fighter began the quest for the Orb.
     0 | D:1      | Reached XP level 1. HP: 14/14 MP: 1/1
    25 | D:1      | Frozen to death by an endoplasm

Illustrated notes

Levels and vault maps discovered:
D:1:      minmay_arrival_semitransparent, layout_loops_cross

Action                   || total
-------------------------++-------
Melee: Flail             ||     6
Armor: Scale mail        ||     3
Dodge: Dodged            ||     1
Block: Kite shield       ||     6

Table legend: (Time is in decaauts)
 A = Elapsed time spent in this place.
 B = Non-inter-level travel time spent in this place.
 C = Inter-level travel time spent in this place.
 D = Time resting spent in this place.
 E = Time spent auto-exploring this place.
 F = Levels seen in this place.
 G = Mean time per level.
                   A        B        C        D        E       F      G
               +--------+--------+--------+--------+--------+-----+--------+
         Total |     27 |     27 |      0 |      0 |     13 |   1 |   27.0 |
       Dungeon |     27 |     27 |      0 |      0 |     13 |   1 |   27.0 |
               +--------+--------+--------+--------+--------+-----+--------+

Top non-repeatable levels by time:
     D:1: 27 daAuts
